 Dungeon Crawl Stone Soup version 0.27.0-1-g7a089689b8 (webtiles) character file.

Game seed: 2493667642358309625

103563 inmateoo the Demon Slayer (level 15, -24/142 HPs)
             Began as a Deep Dwarf Fighter on Aug 13, 2021.
             Was a High Priest of the Shining One.
             Annihilated by an orc warlord (25 damage)
             ... while paralysed by an orc sorcerer
             ... on level 2 of the Orcish Mines.
             The game lasted 00:21:32 (18301 turns).

inmateoo the Demon Slayer (Deep Dwarf Fighter)     Turns: 18301, Time: 00:21:33

Health: -24/142    AC: 24    Str: 31    XL:     15   Next: 89%
Magic:  15/20 (11) EV:  2    Int:  8    God:    the Shining One [*****.]
Gold:   2398       SH:  0    Dex: 14    Spells: 14/14 levels left

rFire    + . .     SeeInvis .   w - +8 broad axe of Articulation {venom, Will- MP+9 Str+4 Dex+2}
rCold    . . .     Faith    .   c - +0 kite shield
rNeg     + + +     Spirit   .   I - +3 plate armour {rF+}
rPois    .         Reflect  .   e - +0 helmet
rElec    .         Harm     .   f - +1 cloak
rCorr    .         Rampage  .   O - +0 pair of gloves
Will     +....                  (no boots)
Stlth    ..........             h - amulet of the acrobat
HPRegen  0.00/turn              l - +4 ring of evasion
MPRegen  0.17/turn              D - +4 ring of slaying

@: paralysed, glowing
A: damage resistance, heal wounds, negative energy resistance 1, sense
surroundings 2, no regeneration
a: Heal Wounds, Renounce Religion, Divine Shield, Cleansing Flame, Summon Divine
Warrior


You were on level 2 of the Orcish Mines.
You worshipped the Shining One.
The Shining One was extremely pleased with you.
You visited 4 branches of the dungeon, and saw 23 of its levels.
You visited the Abyss 2 times.
You also visited: Volcano.

You collected 2398 gold pieces.

Inventory:

Hand Weapons
 a - a +2 war axe of venom
 w - the +8 broad axe of Articulation (weapon) {venom, Will- MP+9 Str+4 Dex+2}
   (You acquired it on level 7 of the Dungeon)

   It poisons the flesh of those it strikes.
   Str:       It affects your strength (+4).
   Dex:       It affects your dexterity (+2).
   MP:        It affects your magic capacity (+9).
   Will:      It decreases your willpower.
Missiles
 v - 3 throwing nets
Armour
 c - a +0 kite shield (worn)
 e - a +0 helmet (worn)
 f - a +1 cloak (worn)
 A - a +2 chain mail of poison resistance
 I - a +3 plate armour of fire resistance (worn)
 O - a +0 pair of gloves (worn)
Jewellery
 h - an amulet of the acrobat (around neck)
 l - a +4 ring of evasion (left hand)
 t - the ring "Etefeysa" {Fire Int+4}
   (You found it on level 10 of the Dungeon)

   [ring of fire]

   It enhances your fire magic.
   Int:       It affects your intelligence (+4).
   rF:        It protects you from fire.
   rC:        It makes you vulnerable to cold.
 y - a ring of protection from fire
 D - a +4 ring of slaying (right hand)
 L - a ring of see invisible
 N - a ring of resist corrosion
Wands
 m - a wand of acid (15)
 n - a wand of paralysis (5)
 s - a wand of flame (32)
 z - a wand of iceblast (14)
 C - a wand of digging (9)
 E - a wand of polymorph (3)
 H - a wand of charming (9)
Scrolls
 b - 3 scrolls of magic mapping
 d - 4 scrolls of fog
 j - 6 scrolls of fear
 k - 8 scrolls of teleportation
 p - 2 scrolls of brand weapon
 q - 3 scrolls of enchant armour
 x - 8 scrolls of identify
 F - a scroll of summoning
 G - 4 scrolls of amnesia
Potions
 g - 2 potions of lignification
 i - a potion of resistance
 o - 6 potions of attraction
 r - 14 potions of curing
 u - 3 potions of mutation
 B - 3 potions of brilliance
 J - 4 potions of heal wounds
 M - a potion of flight


   Skills:
 + Level 11.6 Fighting
 + Level 15.5 Axes
 + Level 12.2 Armour
 - Level 10.0 Dodging
 + Level 12.2 Shields
 + Level 16.0 Invocations


You had 14 spell levels left.
You didn't know any spells.
Your spell library contained the following spells:

 Spells                   Type           Power      Damage    Failure   Level
 Foxfire                  Conj/Fire      0%         2x1d4     98%         1
 Slow                     Hex            0%         N/A       99%         2
 Confusing Touch          Hex            0%         N/A       100%        3
 Ignite Poison            Fire/Tmut/Pois 0%         N/A       100%        3
 Inner Flame              Hex/Fire       0%         N/A       100%        3
 Mephitic Cloud           Conj/Pois/Air  0%         N/A       100%        3
 Animate Armour           Summ/Erth      0%         N/A       100%        4
 Cause Fear               Hex            0%         N/A       100%        4
 Hailstorm                Conj/Ice       0%         3d3       100%        4
 Ice Form                 Ice/Tmut       0%         N/A       100%        4
 Passage of Golubria      Tloc           N/A        N/A       100%        4
 Blade Hands              Tmut           0%         N/A       100%        5
 Bolt of Magma            Conj/Fire/Erth 0%         4d4       100%        5
 Silence                  Hex/Air        0%         N/A       100%        5
 Yara's Violent Unravell  Hex/Tmut       0%         3d3       100%        5
 Iron Shot                Conj/Erth      0%         9d1       100%        6
 Simulacrum               Ice/Necr       0%         N/A       100%        6
 Discord                  Hex            0%         N/A       100%        8
 Lehudib's Crystal Spear  Conj/Erth      0%         10d2      100%        8


Dungeon Overview and Level Annotations

Branches:
Dungeon (14/15)            Temple (1/1) D:7            Lair (6/6) D:9
  Swamp (0/4) Lair:4        Snake (0/4) Lair:3        Slime (0/5) Lair:6
    Orc (2/2) D:9         Volcano (visited)
    Elf: Orc:2       Vaults: D:13-14

Altars:
Ashenzari
Cheibriados
Dithmenos
Elyvilon
Fedhas
Gozag
Hepliaklqana
Kikubaaqudgha
Makhleb
Nemelex Xobeh
Okawaru
Qazlal
Ru
Sif Muna
Trog
Uskayaw
Vehumet
Wu Jian
Xom
Yredelemnul
Zin
The Shining One
Beogh

Shops:
D:3 =   Orc:1 =

Annotations:
D:14 Agnes; Louise


Innate Abilities, Weirdness & Mutations

You are resistant to damage.
You can heal yourself by infusing magical energy.
You resist negative energy. (rN+)
You passively map the area around you.
You do not regenerate.


Message History

Your daeva hits the orc warlord with a +2 scimitar of holy wrath!!
Your daeva completely misses the orc warlord.
You block the red devil's attack.
The orc sorcerer points at you and mumbles some strange words.
You suddenly lose the ability to move!
The red devil hits you from afar with a +0 trident!
* * * LOW HITPOINT WARNING * * *
The orc warlord hits you from afar with a +0 glaive!
* * * LOW HITPOINT WARNING * * *
The orc high priest hits you but does no damage.
The orc high priest no longer looks unusually strong.
Your daeva hits the orc warlord with a +2 scimitar of holy wrath!!
Your daeva hits the orc warlord with a +2 scimitar of holy wrath.
The red devil hops backward while attacking.
The red devil hits you but does no damage.
The orc sorcerer gestures at you while chanting.
The bolt of negative energy hits you but does no damage.
You resist.
The red devil hits you from afar with a +0 trident!
* * * LOW HITPOINT WARNING * * *
The orc warlord roars a battlecry!
The orc high priest goes into a battle-frenzy!
The orc high priest hits you with a +0 trident!
* * * LOW HITPOINT WARNING * * *
You kill the orc sorcerer!
Your daeva calls down the wrath of the Shining One upon the orc warlord.
The orc warlord is smitten.
The red devil hits you from afar with a +0 trident!
* * * LOW HITPOINT WARNING * * *
The orc warlord hits you from afar with a +0 glaive.
* * * LOW HITPOINT WARNING * * *
The orc high priest hits you with a +0 trident!
* * * LOW HITPOINT WARNING * * *
The red devil hits you but does no damage.
Your daeva calls down the wrath of the Shining One upon the orc warlord.
The orc warlord is smitten.
The red devil hits you from afar with a +0 trident!
The Shining One protects you from harm!
The orc warlord hits you from afar with a +0 glaive!!
You die...

###...................)#
##......................#** *
#.....#.#.....................
#.......#....##########....##
###.##.#....##*#.# ,, #.....
#*##.##.#.#*#8.#.. .....
#...###.##4.#... , .....
##.###..#....... * ....
##.##...@o..)... ,8 ,...
#...##.)†)...... , ,
##.#.#)Ao4..)... ,
##..).)###..... * , ##.#.##
##... , , ##### *## * , *


You could see an orc warlord (poisoned, ally target), an orc high priest
(strong), 2 red devils and a friendly daeva (summoned).

Vanquished Creatures
  A bone dragon (Abyss:2)
  2 tentacled starspawn (Abyss:3)
  A very ugly thing (Abyss:3)
  Nessos (D:14)
  4 dire elephants (Lair:6)
  A green death (Abyss:3)
  Josephine (Lair:6)
  A great orb of eyes (D:13)
  Fannar (Lair:3)
  A rakshasa (D:9)
  A hydra (D:13)
  3 boulder beetles
  An ogre mage (D:13)
  Erolcha (D:12)
  2 centaur warriors
  5 two-headed ogres
  A tengu warrior (D:14)
  A death yak (Lair:6)
  4 thrashing horrors
  Urug (D:14)
  A fire crab (shapeshifter) (D:13)
  4 wretched stars
  A spectral anaconda (Lair:6)
  An obsidian statue (Lair:6)
  4 large abominations
  2 necromancers (Lair:6)
  A deep elf archer (Volcano)
  2 orc knights
  Pikel (D:5)
  A deep elf zephyrmancer (Orc:2)
  12 deep elf pyromancers
  2 orc sorcerers
  2 manticores
  An ugly thing (D:12)
  A cyclops (D:9)
  16 elephants
  4 black mambas
  A gargoyle (D:12)
  12 cane toads
  2 kobold demonologists (D:13)
  A freezing wraith (D:9)
  Psyche (D:8)
  9 starcursed masses
  4 rime drakes
  An unseen horror (D:10)
  2 ancient zymes
  A tormentor (Abyss:3)
  8 komodo dragons
  2 tengu conjurers
  3 polar bears
  4 trolls
  A meliai (D:9)
  A red devil (Abyss:3)
  9 raiju (Abyss:3)
  A tyrant leech (Lair:4)
  A spectral elephant (Lair:6)
  4 blink frogs (Lair:6)
  A slime creature (D:9)
  A flying skull (Abyss:3)
  7 wraiths
  3 wyverns
  6 fire elementals (Volcano)
  11 humans (D:14)
  2 shadows
  61 yaks
  A chaos spawn (Abyss:3)
  7 basilisks
  2 steam dragons
  4 vampire mosquitoes (D:13)
  5 wargs
  A swamp worm (Lair:4)
  An acid dragon (D:11)
  A spectral cane toad (Lair:6)
  Edmund (D:6)
  4 hell hounds (Volcano)
  19 water moccasins
  Duvessa (D:6)
  14 orc warriors
  2 sky beasts
  A hornet zombie (D:8)
  A meliai simulacrum (D:13)
  2 black bears
  6 ice beasts
  2 necrophages (D:5)
  5 ogres
  13 centaurs
  11 wolves
  2 phantoms (D:6)
  4 kobold brigands
  11 bullfrogs
  4 small abominations
  2 scorpions
  Dowan (D:6)
  A wyvern zombie (D:9)
  A water moccasin zombie (D:6)
  A cane toad simulacrum (Lair:6)
  A water moccasin skeleton (D:6)
  14 killer bees (D:9)
  6 wights
  2 howler monkeys (D:12)
  3 electric eels
  4 centaur zombies
  A bullfrog zombie (D:5)
  2 quasits
  17 orc priests
  A hound (D:5)
  12 jellies
  Natasha (thrice) (D:3)
  4 iguanas
  Ijyb (D:4)
  21 orc wizards
  A centaur simulacrum (D:10)
  2 hound zombies (D:5)
  2 howler monkey zombies
  A howler monkey skeleton (D:4)
  12 gnolls
  3 adders
  A shadow imp (D:5)
  2 white imps (D:10)
  2 howler monkey simulacra
  A worm (D:3)
  4 dart slugs
  70 orcs
  5 endoplasms
  4 giant cockroaches
  7 goblins
  9 hobgoblins
  7 jackals
  26 kobolds
  3 quokkas
  7 ball pythons
  4 bats
  4 frilled lizards
  3 rats
  2 starspawn tentacles (Abyss:3)
655 creatures vanquished.

Vanquished Creatures (collateral kills)
  2 dire elephants (Lair:6)
  7 hydras
  The ghost of kobby the Carver, a journeyman NaFi of Cheibriados (D:10)
  A death yak (Lair:6)
  A deep elf knight (Orc:2)
  3 spectral death yaks (Lair:6)
  A lindwurm (Lair:6)
  A necromancer (Lair:6)
  A manticore (Lair:6)
  3 elephants (Lair:6)
  A black mamba (Lair:6)
  A dire elephant skeleton (Lair:6)
  A cane toad (Lair:6)
  A komodo dragon (Lair:6)
  A troll (Orc:2)
  4 blink frogs (Lair:6)
  A centaur simulacrum (D:10)
  A wyvern (Lair:6)
  9 yaks (Lair:6)
  A warg (Orc:2)
  An orc warrior (Orc:2)
  2 elephant zombies (Lair:6)
  4 wolves (Lair:6)
  3 elephant skeletons (Lair:6)
  A cane toad simulacrum (Lair:6)
  3 jellies (Lair:6)
  A howler monkey simulacrum (D:10)
  A giant cockroach (D:2)
58 creatures vanquished.

Vanquished Creatures (others)
  A deep elf pyromancer (Volcano)
  A golden eye (shapeshifter) (Abyss:3)
  A manticore simulacrum (Abyss:3)
  An orc wizard (D:9)
  7 fungi
  32 plants
  8 starspawn tentacles (Abyss:3)
  20 withered plants (Lair:6)
71 creatures vanquished.

Grand Total: 784 creatures vanquished

Notes
Turn   | Place    | Note
-------+----------+-------------------------------------------
     0 | D:1      | inmateoo the Deep Dwarf Fighter began the quest for the
                  | Orb.
     0 | D:1      | Reached XP level 1. HP: 20/20 MP: 1/1
   120 | D:1      | Reached XP level 2. HP: 17/27 MP: 2/2
   323 | D:1      | Reached skill level 1 in Invocations
   911 | D:2      | Reached XP level 3. HP: 31/33 MP: 3/3
   999 | D:2      | Found a faded altar of an unknown god.
  1007 | D:2      | Got Plato's Grimoire of Confrontation
  1343 | D:2      | Reached XP level 4. HP: 29/42 MP: 4/4
  1729 | D:3      | Reached skill level 2 in Invocations
  1737 | D:3      | Found Puejoa's Jewellery Shop.
  1864 | D:3      | Noticed Natasha
  1871 | D:3      | Killed Natasha
  1888 | D:3      | Noticed Natasha
  1893 | D:3      | Killed Natasha
  1929 | D:3      | Noticed Natasha
  1931 | D:3      | Reached XP level 5. HP: 36/49 MP: 5/5
  1970 | D:3      | Killed Natasha
  2188 | D:3      | Reached skill level 3 in Invocations
  2477 | D:4      | Reached XP level 6. HP: 39/57 MP: 7/7
  2675 | D:4      | Noticed Ijyb
  2680 | D:4      | Killed Ijyb
  2933 | D:5      | Entered Level 5 of the Dungeon
  2944 | D:5      | Noticed an ice beast
  2959 | D:5      | Killed an ice beast
  2960 | D:5      | Reached skill level 4 in Invocations
  2960 | D:5      | Reached XP level 7. HP: 48/64 MP: 7/9
  3006 | D:5      | Reached skill level 5 in Armour
  3014 | D:5      | Reached skill level 5 in Shields
  3517 | D:5      | Reached skill level 5 in Invocations
  3527 | D:5      | Reached skill level 1 in Dodging
  3527 | D:5      | Reached XP level 8. HP: 46/73 MP: 10/10
  3660 | D:5      | Noticed Pikel
  3676 | D:5      | Killed Pikel
  3677 | D:5      | Reached skill level 5 in Fighting
  3677 | D:5      | Reached skill level 5 in Axes
  4089 | D:6      | Reached skill level 6 in Invocations
  4211 | D:6      | Gained mutation: You passively map the area around you.
                  | [Deep Dwarf growth]
  4211 | D:6      | Reached XP level 9. HP: 49/81 MP: 11/13
  4294 | D:6      | Noticed Edmund
  4295 | D:6      | Noticed Duvessa
  4296 | D:6      | Noticed Dowan
  4311 | D:6      | Killed Edmund
  4312 | D:6      | Reached skill level 7 in Invocations
  4315 | D:6      | Killed Duvessa
  4318 | D:6      | Killed Dowan
  4574 | D:7      | Identified a scroll of acquirement
  4574 | D:7      | Acquired the +8 broad axe of Articulation {venom, Will-
                  | MP+9 Str+4 Dex+2}
  4650 | D:7      | Found a staircase to the Ecumenical Temple.
  4658 | Temple   | Entered the Ecumenical Temple
  4950 | D:7      | Reached skill level 5 in Dodging
  5333 | D:7      | Reached skill level 8 in Invocations
  5473 | D:7      | Found a hide-covered altar of Uskayaw.
  5786 | D:8      | Found a white marble altar of Elyvilon.
  5946 | D:8      | Noticed Psyche
  5989 | D:8      | Killed Psyche
  5990 | D:8      | Reached skill level 9 in Invocations
  5990 | D:8      | Reached XP level 10. HP: 64/91 MP: 14/14
  6825 | D:9      | Found a staircase to the Lair.
  6869 | D:9      | Reached skill level 10 in Invocations
  6959 | D:9      | Noticed a manticore
  6961 | D:9      | Noticed a cyclops
  6968 | D:9      | Reached skill level 10 in Axes
  6972 | D:9      | Killed a manticore
  6973 | D:9      | Noticed a rakshasa
  6976 | D:9      | Killed a cyclops
  6983 | D:9      | Identified the +2 robe of Whack-A-Mole {SInv Stlth+}
  6983 | D:9      | Noticed a centaur warrior
  6989 | D:9      | Killed a rakshasa
  6996 | D:9      | Killed a centaur warrior
  6997 | D:9      | Reached XP level 11. HP: 48/99 MP: 14/14
  7032 | D:9      | Identified the +9 hand crossbow "Lifebane" {speed, Will++}
  7251 | D:9      | Noticed a boulder beetle
  7258 | D:9      | Killed a boulder beetle
  7317 | D:9      | Noticed a two-headed ogre
  7323 | D:9      | Killed a two-headed ogre
  7428 | D:9      | Reached skill level 11 in Invocations
  7584 | D:9      | Found a staircase to the Orcish Mines.
  7773 | D:9      | Found an iron altar of Okawaru.
  7774 | D:9      | Found a glowing golden altar of the Shining One.
  7852 | D:9      | Became a worshipper of the Shining One
  7889 | D:10     | Entered Level 10 of the Dungeon
  7938 | D:10     | Noticed a two-headed ogre
  7945 | D:10     | Killed a two-headed ogre
  8231 | D:10     | Found a runed translucent gate.
  8231 | D:10     | Found a runed translucent gate.
  8231 | D:10     | Found a runed translucent gate.
  8484 | D:10     | Noticed kobby's ghost (journeyman NaFi)
  8548 | D:10     | Reached * piety under the Shining One
  9404 | D:12     | Noticed Erolcha
  9412 | D:12     | Cast into level 2 of the Abyss (Erolcha)
  9462 | Abyss:2  | Noticed a large abomination
  9470 | Abyss:2  | Killed a large abomination
  9471 | Abyss:2  | Reached XP level 12. HP: 101/109 MP: 15/15
  9506 | Abyss:2  | Noticed a starcursed mass
  9531 | Abyss:2  | Killed a starcursed mass
  9588 | Abyss:2  | Noticed a bone dragon
  9606 | Abyss:2  | Killed a bone dragon
  9607 | Abyss:2  | Reached skill level 12 in Invocations
  9609 | D:12     | Escaped the Abyss
  9613 | D:12     | Killed Erolcha
  9905 | D:12     | Reached ** piety under the Shining One
  9949 | D:12     | Noticed a two-headed ogre
  9954 | D:12     | Killed a two-headed ogre
 10441 | D:13     | Found a blossoming altar of Fedhas.
 10481 | D:13     | Reached XP level 13. HP: 68/118 MP: 16/16
 10899 | D:13     | Reached *** piety under the Shining One
 10906 | D:13     | Reached skill level 13 in Invocations
 11476 | D:14     | Noticed Urug
 11482 | D:14     | Noticed Nessos
 11490 | D:14     | Reached skill level 10 in Dodging
 11490 | D:14     | Reached skill level 10 in Shields
 11490 | D:14     | Noticed Agnes
 11493 | D:14     | Reached skill level 10 in Armour
 11494 | D:14     | Killed Urug
 11494 | D:14     | Killed Nessos
 11565 | D:14     | Noticed Louise
 11568 | D:14     | Cast into level 3 of the Abyss (Louise)
 11705 | Abyss:3  | Noticed a green death
 11708 | Abyss:3  | Killed a green death
 11760 | Abyss:3  | Reached **** piety under the Shining One
 11760 | Abyss:3  | Noticed a starcursed mass
 11775 | Abyss:3  | Reached skill level 14 in Invocations
 11796 | Abyss:3  | Reached skill level 10 in Fighting
 11803 | Abyss:3  | Gained mutation: You resist negative energy. (rN+) [Deep
                  | Dwarf growth]
 11803 | Abyss:3  | Reached XP level 14. HP: 132/132 MP: 14/14
 11812 | Abyss:3  | Found an ancient bone altar of Kikubaaqudgha.
 11814 | Abyss:3  | Noticed a cyan very ugly thing
 11824 | Abyss:3  | Killed a cyan very ugly thing
 11845 | Abyss:3  | Noticed a tentacled starspawn
 11859 | Abyss:3  | Killed a tentacled starspawn
 11861 | Abyss:3  | Noticed a starcursed mass
 11878 | Abyss:3  | Noticed a tentacled starspawn
 11895 | Abyss:3  | Killed a tentacled starspawn
 11898 | D:14     | Escaped the Abyss
 12043 | Lair:1   | Entered Level 1 of the Lair of Beasts
 12234 | Lair:1   | Found a dark tunnel.
 12243 | Volcano  | Entered a volcano
 12249 | Volcano  | Reached ***** piety under the Shining One
 14176 | Lair:3   | Found a staircase to the Snake Pit.
 14292 | Lair:3   | Noticed Fannar
 14307 | Lair:3   | Killed Fannar
 14934 | Lair:4   | Found a staircase to the Swamp.
 14968 | Lair:4   | Reached skill level 15 in Invocations
 15283 | Lair:4   | Reached XP level 15. HP: 95/140 MP: 11/11
 16162 | Lair:6   | Entered Level 6 of the Lair of Beasts
 16163 | Lair:6   | Noticed Josephine
 16173 | Lair:6   | Killed Josephine
 16288 | Lair:6   | Identified the +2 long sword of Division {freeze, rF+
                  | Int+7}
 16343 | Lair:6   | Reached skill level 15 in Axes
 16454 | Lair:6   | Identified the +0 tower shield of Ruff {Dex+4}
 16830 | Lair:6   | Reached ****** piety under the Shining One
 16991 | Lair:6   | Found a staircase to the Slime Pits.
 17495 | D:10     | Killed kobby's ghost
 17500 | D:10     | Identified the ring "Etefeysa" {Fire Int+4}
 17587 | Orc:1    | Entered Level 1 of the Orcish Mines
 17828 | Orc:1    | Found Vodem's Jewellery Shop.
 18158 | Orc:2    | Entered Level 2 of the Orcish Mines
 18191 | Orc:2    | Reached skill level 16 in Invocations
 18281 | Orc:2    | Noticed an orc warlord
 18298 | Orc:2    | Paralysed by an orc sorcerer for 4 turns
 18300 | Orc:2    | HP: 1/142 [orc high priest (7)]
 18301 | Orc:2    | The Shining One protects you from harm!
 18301 | Orc:2    | Annihilated by an orc warlord

Illustrated notes

Levels and vault maps discovered:
D:1:      dpeg_arrival_shrine, layout_basic
D:2:      layout_loops_ring, shapermc_ecumenical_altar_rom_forum,
          minmay_goblin_kobold_house
D:3:      layout_rooms, serial_shops,
          nicolae_shop_temple_entry_statues_fountains, uniq_natasha
D:4:      layout_basic, minmay_misc_feat_cross, uniq_ijyb
D:5:      minmay_recursive_quarters, layout_loops_corners, uniq_pikel
D:6:      layout_rooms, chequers_serial_rivers_room_b, uniq_duvessa, uniq_edmund
D:7:      layout_loops_corners, nicolae_uskayaw_dance_studio,
          minmay_temple_entry_slanted
D:8:      layout_basic, elyvilon_altar_4, uniq_psyche
D:9:      minmay_the_grid_triangle_9x9_recursive_2_mashed
          [minmay_the_grid_triangle_9x9_prize_top_heavy,
          minmay_the_grid_triangle_9x9_zippers_vertical,
          minmay_the_grid_triangle_9x9_swiss_cheese,
          minmay_the_grid_triangle_9x9_skeleton], layout_small_grid,
          gammafunk_temple_overflow_pools, erik_lair_orcish_takeover,
          hiddenorc2_lemuel, amcnicky_mini_pool_medium
D:10:     layout_loops_corners, gammafunk_ghost_icy
D:11:     layout_big_octagon
D:12:     layout_roguey, serial_rivers, chequers_serial_rivers_small_3,
          chequers_serial_rivers_large_a, chequers_serial_rivers_room_a,
          chequers_serial_rivers_large_b, uniq_erolcha
D:13:     kennysheep_bubbly, layout_loops_corners, fedhas_altar_4
D:14:     layout_irregular_city, david_vaults_3, bloody_makhleb,
          hangedman_corner_corridor, uniq_agnes, uniq_louise, uniq_frances
Temple:   eino_narrow_crystal_temple
Lair:1:   layout_gridlike, nicolae_volcano_entry_two_sided, grunt_megastairs_1,
          uniq_urug
Lair:2:   layout_layer_cave, fungi_pond_lemuel, serial_bayou_shore_a,
          infiniplex_staircase_pool
Lair:3:   layout_gridlike, dummy_snake_entry, grunt_megastairs_4, uniq_fannar
Lair:4:   layout_cave_pods, minmay_swamp_entry_worms,
          nicolae_quartered_pool_medium, grunt_forest_small_clearing_treed
Lair:5:   layout_misc_corridors
Lair:6:   due_jungle_book, layout_big_grid, minmay_slime_entry_jelly_boxes,
          uniq_josephine
Orc:1:    layout_diamond_mine, serial_shops, nicolae_shop_trees, basic_altar
Orc:2:    st_orc_elflike, layout_caves, elf_legates

Skill      XL: |  1  2  3  4  5  6  7  8  9 10 11 12 13 14 15 |
---------------+----------------------------------------------+-----
Invocations    | 1 2 3 4 5 6 9 10 11 12 14 15 16 | 16.0
Fighting       | 3 4 5 6 7 8 10 11 | 11.6
Axes           | 3 4 6 8 10 11 12 13 14 15 | 15.5
Armour         | 4 5 6 8 9 10 11 12 | 12.2
Shields        | 4 5 6 8 9 10 11 12 | 12.2
Dodging        | 1 3 6 8 9 10 | 10.0

Action                   |  1- 3 |  4- 6 |  7- 9 | 10-12 | 13-15 || total
-------------------------+-------+-------+-------+-------+-------++-------
Melee: War axe           |   102 |   130 |   193 |       |       ||   425
       Broad axe         |       |       |    68 |   375 |   754 ||  1197
       Unarmed           |       |       |     6 |       |       ||     6
Invok: Cleansing Flame   |       |       |       |       |     1 ||     1
       Summon Divine War |       |       |       |       |     6 ||     6
 Abil: Heal Wounds       |     1 |     3 |     8 |    31 |    40 ||    83
Evoke: Wand              |       |     2 |       |    16 |     9 ||    27
  Use: Scroll            |     2 |    10 |     6 |     4 |    10 ||    32
       Potion            |       |       |     1 |     1 |     2 ||     4
Armor: Scale mail        |    43 |    31 |       |       |       ||    74
       Plate armour      |       |    34 |   112 |       |   120 ||   266
       Chain mail        |       |       |    20 |   132 |   117 ||   269
       Skin              |       |       |     1 |       |       ||     1
Dodge: Dodged            |    36 |    31 |    94 |   233 |   446 ||   840
Block: Kite shield       |    72 |    82 |   160 |   276 |   516 ||  1106
